AoeStats
← Palmejorgen4637

Black Forest

510370067Analyzed
4v4 RM · 2d ago on Sep 30, 2026· 51m 39s· 8 players
Game mode
Random Map
Map size
Large (8 player)
Population
200
Speed
Normal
Resources
Standard
Victory
Conquest
Starting age
Dark Age
Ending age
Imperial Age
RankedLock teamsTeams togetherTeam positionsShared explorationLock speedFull tech treeHidden civsTurbo modeCheats
Victory
Defeat
🇩🇰 Turks · Denmark
1021
+12
🇩🇰 Franks · Denmark
1014
+12
🇩🇰 Bohemians · Denmark
874
+18
🇩🇰 Persians · Denmark
817
+21
🇫🇷 Varangians · France
979
-18
🇩🇪 Magyars · Germany
924
-16
🇮🇱 Portuguese · Israel
902
-42
🇷🇺 Koreans · Russia
876
-14
Mistăr
0:39 Loom
11:24 Feudal Age
12:16 Double-Bit Axe
12:13 Horse Collar
21:15 Castle Age
19:27 Stone Mining
19:34 Gold Mining
22:04 Bloodlines
23:57 Heavy Plow
24:09 Bow Saw
25:39 Wheelbarrow
26:25 Corvinian Army
26:14 Town Watch
27:12 Wheelbarrow
28:45 Husbandry
31:07 Thumb Ring
36:32 Imperial Age
34:26 Fletching
34:42 Scale Barding Armor
34:41 Light Cavalry
37:04 Murder Holes
38:05 Parthian Tactics
37:34 Treadmill Crane
38:42 Conscription
38:32 Recurve Bow
40:44 Chemistry
39:50 Siege Engineers
39:56 Masonry
41:20 Two-Man Saw
40:54 Elite Magyar Huszar
42:09 Bodkin Arrow
42:35 Chain Barding Armor
42:39 Ballistics
42:20 Heavy Cavalry Archer
43:55 Bracer
46:12 Plate Barding Armor
45:38 Padded Archer Armor
45:39 Scale Mail Armor
46:59 Hand Cart
48:15 Hoardings
Alex
1:18 Loom
12:36 Feudal Age
13:23 Feudal Age
14:14 Man-at-Arms
14:55 Arson
28:25 Double-Bit Axe
30:57 Horse Collar
34:20 Castle Age
32:16 Stone Mining
34:42 Pikeman
35:24 Squires
35:28 Scale Mail Armor
35:39 Forging
35:56 Gold Mining
36:49 Bow Saw
41:53 Wheelbarrow
46:27 Imperial Age
49:10 Chemistry
yahavmoadv
4:34 Loom
19:51 Feudal Age
20:51 Gold Mining
28:40 Castle Age
27:37 Horse Collar
27:48 Double-Bit Axe
28:02 Stone Mining
30:41 Wheelbarrow
33:31 Bloodlines
33:22 Husbandry
40:01 Imperial Age
43:57 Man-at-Arms
shamannking1993
1:30 Loom
15:36 Feudal Age
17:01 Wheelbarrow
16:29 Double-Bit Axe
16:40 Gold Mining
24:27 Castle Age
22:36 Horse Collar
26:52 Bow Saw
26:54 Heavy Plow
28:48 Hand Cart
30:59 Caravan
35:34 Imperial Age
33:33 Eupseong
34:23 Fletching
34:43 Forging
34:34 Scale Mail Armor
34:40 Scale Barding Armor
34:19 Pikeman
34:59 Squires
34:45 Arson
34:48 Elite Skirmisher
35:01 Crossbowman
35:48 Thumb Ring
36:18 Bodkin Arrow
36:59 Iron Casting
38:26 Chemistry
36:53 Halberdier
38:16 Ballistics
38:24 Conscription
38:12 Town Watch
38:57 Arbalester
39:51 Arbalester
47:28 Shinkichon
Donp4ppa
0:59 Loom
12:36 Feudal Age
13:27 Double-Bit Axe
21:02 Castle Age
19:52 Horse Collar
20:22 Stone Mining
23:30 Bow Saw
23:27 Heavy Plow
27:23 Wheelbarrow
27:48 Gold Mining
29:50 Hand Cart
33:37 Imperial Age
31:54 Padded Archer Armor
32:47 Gold Shaft Mining
32:25 Town Watch
33:18 Fletching
33:43 Leather Archer Armor
35:52 Two-Man Saw
35:13 Conscription
35:15 Caravan
35:25 Husbandry
35:35 Bloodlines
35:41 Scale Barding Armor
35:32 Bodkin Arrow
36:09 Ring Archer Armor
35:59 Town Patrol
37:13 Artillery
38:38 Hoardings
38:50 Bombard Tower
38:28 Murder Holes
38:54 Ballistics
40:31 Elite Janissary
41:56 Chain Barding Armor
41:47 Forging
43:57 Fortified Wall
43:58 Masonry
43:34 Arrowslits
Nickolai k
11:22 Feudal Age
19:16 Castle Age
20:01 Loom
30:49 Imperial Age
28:59 Fletching
34:12 Elite Hussite Wagon
39:20 Chemistry
42:32 Wheelbarrow
42:37 Siege Engineers
45:42 Caravan
46:36 Double-Bit Axe
47:12 Hand Cart
Palmejorgen4637
1:23 Loom
10:28 Feudal Age
17:44 Castle Age
16:12 Double-Bit Axe
18:18 Bloodlines
28:51 Husbandry
29:29 Bow Saw
29:02 Horse Collar
33:25 Scale Barding Armor
33:37 Forging
33:31 Heavy Plow
33:29 Gold Mining
36:20 Ballistics
36:02 Stone Mining
39:26 Imperial Age
39:16 Cavalier
41:45 Two-Man Saw
42:07 Chemistry
42:25 Chain Barding Armor
42:41 Iron Casting
44:31 Conscription
44:18 Kamandaran
44:29 Citadels
46:56 Fletching
48:06 Blast Furnace
47:42 Plate Barding Armor
47:07 Padded Archer Armor
46:32 Elite Skirmisher
46:37 Crossbowman
47:46 Ballistics
47:37 Thumb Ring
48:42 Crop Rotation
48:51 Wheelbarrow
48:36 Savar
The Priest1783
0:36 Loom
12:03 Feudal Age
13:15 Double-Bit Axe
15:56 Castle Age
21:00 Husbandry
23:04 Forging
24:31 Wheelbarrow
24:03 Gold Mining
27:44 Stone Mining
32:15 Imperial Age
31:21 Ballistics
31:40 Caravan
31:35 Ordonnance Companies
32:16 Fletching
32:22 Town Watch
33:51 Bow Saw
34:40 Cranequins
36:26 Chemistry
36:33 Gold Shaft Mining
36:26 Conscription
39:03 Bodkin Arrow
39:09 Padded Archer Armor
39:34 Heavy Mounted Crossbowman
44:01 Murder Holes
44:18 Cavalier
48:26 Leather Archer Armor
48:16 Scale Barding Armor
48:47 Iron Casting
47:45 Paladin
50:20 Chain Barding Armor
Connection lost

Rejoining the realm…

Still unreachable

The connection could not be restored.

Session expired

The server has moved on; the page needs a fresh start.